 Dungeon Crawl Stone Soup version 0.25.0-41-g26779e291d (console) character file.

Game seed: 4840617217810147541

60903 Kagalorn the Scholar (level 15, -7/105 HPs)
             Began as an Octopode Ice Elementalist on July 10, 2020.
             Was an Elder of Sif Muna.
             Mangled by an ettin
             ... wielding a +0 dire flail
              (12 damage)
             ... on level 1 of the Orcish Mines.
             The game lasted 01:10:10 (28260 turns).

Kagalorn the Scholar (Octopode Ice Elementalist)   Turns: 28260, Time: 01:10:12

Health: -7/105     AC: 25    Str: 11    XL:     15   Next: 1%
Magic:  0/25       EV: 21    Int: 23    God:    Sif Muna [****..]
Gold:   926        SH:  6    Dex: 12    Spells: 9/28 levels left

rFire    + + .     SeeInvis .   a - +3 war axe {vorpal, Str+2}
rCold    + . .     Gourm    .   n - +1 buckler
rNeg     + . .     Faith    .   (helmet restricted)
rPois    ∞         Spirit   +   D - amulet of guardian spirit
rElec    +         Reflect  .   u - +4 ring of evasion
rCorr    .         Harm     .   I - ring of protection from fire (curse)
MR       +....                  H - ring of protection from fire
Stlth    +++++.....             V - ring of protection from cold
HPRegen  0.27/turn              Q - ring of wizardry
MPRegen  0.19/turn              (no ring)
                                (no ring)
                                (no ring)

@: statue-form, frozen ramparts, very slow
A: almost no armour, stealthy swim, amphibious, 8 rings, constrict 8, camouflage
1
a: End Transformation, Channel Magic, Forget Spell, Divine Exegesis, Renounce
Religion


You were on level 1 of the Orcish Mines.
You worshipped Sif Muna.
Sif Muna was greatly pleased with you.
You were very hungry.
You were a stone statue.
You visited 4 branches of the dungeon, and saw 20 of its levels.

You collected 1406 gold pieces.
You spent 480 gold pieces at shops.

Inventory:

Hand Weapons
 a - the +3 war axe "Worm's Wrath" (weapon) {vorpal, Str+2}
   (You found it on level 10 of the Dungeon)

   It inflicts extra damage upon your enemies.
   It affects your strength (+2).
 m - the +5 dagger of Outrage {pain, rF+ Stlth+}
   (You found it on level 6 of the Lair of Beasts)

   In the hands of one skilled in necromantic magic, it inflicts extra damage on
   living creatures.
   It protects you from fire.
   It makes you more stealthy.
 s - a +1 falchion of holy wrath
 G - a +4 vorpal spear
 W - a +0 vorpal eveningstar
Missiles
 d - 162 bolts
 j - 422 arrows
 r - 58 poisoned darts (quivered)
 F - 3 throwing nets
 O - 8 atropa-tipped darts
 S - 3 javelins
 Z - 4 boomerangs
Armour
 n - a +1 buckler (worn)
Magical Staves
 o - an uncursed staff of fire
Jewellery
 q - an uncursed ring of fire
 u - a +4 ring of evasion (left tentacle)
 D - an amulet of guardian spirit (around mantle)
 H - a ring of protection from fire (on tentacle)
 I - a cursed ring of protection from fire (right tentacle)
 Q - a ring of wizardry (on tentacle)
 V - a ring of protection from cold (on tentacle)
Wands
 p - a wand of clouds (6)
 y - a wand of paralysis (5)
 B - a wand of digging (7)
 J - a wand of acid (28)
 M - a wand of iceblast (16)
 T - a wand of flame (21)
Scrolls
 b - a scroll of silence
 g - 3 scrolls of enchant armour
 h - a scroll of fog
 i - a scroll of fear
 l - 9 scrolls of teleportation
 w - a scroll of blinking
 x - 16 scrolls of remove curse
 E - a scroll of enchant weapon
 R - a scroll of holy word
 U - 4 scrolls of amnesia
Potions
 c - 3 potions of brilliance
 f - a potion of berserk rage
 k - 4 potions of haste
 v - 5 potions of might
 z - 5 potions of stabbing
 A - 4 potions of curing
 C - 7 potions of heal wounds
 K - 4 potions of lignification
 L - 4 potions of resistance
 N - a potion of mutation
 P - a potion of magic
 X - a potion of cancellation
Miscellaneous
 e - a box of beasts
Comestibles
 t - 28 rations


   Skills:
 + Level 9.6 Axes
 - Level 10.0 Dodging
 - Level 10.0 Stealth
 - Level 4.0 Shields
 + Level 7.0 Spellcasting
 - Level 6.0 Summonings
 * Level 9.1 Transmutations
 - Level 8.0 Ice Magic
 * Level 9.1 Earth Magic
 + Level 11.1 Invocations


You had 9 spell levels left.
You knew the following spells:

 Your Spells              Type           Power        Failure   Level  Hunger
a - Freeze                Ice            ####         1%          1    None
b - Frozen Ramparts       Ice            #####.       1%          3    None
c - Summon Ice Beast      Ice/Summ       #####...     1%          4    ###....
d - Statue Form           Tmut/Erth      ######...    12%         6    ######.
e - Petrify               Tmut/Erth      ######..     1%          4    ###....
h - Summon Butterflies    Summ           #####...     1%          1    None

Your spell library contained the following spells:

 Spells                   Type           Power        Failure   Level  Hunger
 Ensorcelled Hibernation  Hex/Ice        ####..       1%          2    None
 Ozocubu's Armour         Chrm/Ice       ####....     1%          3    None
 Ice Form                 Ice/Tmut       #####...     1%          4    ###....
 Apportation              Tloc           #.....       3%          1    None
 Corona                   Hex            #......      3%          1    None
 Foxfire                  Conj/Fire      #...         3%          1    None
 Magic Dart               Conj           #...         3%          1    None
 Searing Ray              Conj           #.....       4%          2    None
 Slow                     Hex            #.......     4%          2    None
 Leda's Liquefaction      Hex/Erth       ####......   4%          4    ###....
 Hailstorm                Conj/Ice       ####....     6%          4    ###....
 Confusing Touch          Hex            #.......     9%          3    None
 Conjure Flame            Conj/Fire      #.......     9%          3    None
 Dazzling Flash           Conj/Hex       #.....       9%          3    None
 Gell's Gravitas          Tloc           #.........   9%          3    None
 Inner Flame              Hex/Fire       #.......     9%          3    None
 Lesser Beckoning         Tloc           #.........   9%          3    None
 Mephitic Cloud           Conj/Pois/Air  #.......     9%          3    None
 Portal Projectile        Hex/Tloc       #.....       9%          3    None
 Tukima's Dance           Hex            #.......     9%          3    None
 Alistair's Intoxication  Tmut/Pois      ####....     13%         5    #####..
 Yara's Violent Unravell  Hex/Tmut       ####......   13%         5    #####..
 Metabolic Englaciation   Hex/Ice        ####......   16%         5    #####..
 Ozocubu's Refrigeration  Ice            #####.....   17%         6    ######.
 Bolt of Magma            Conj/Fire/Erth ###.......   24%         5    #####..
 Cause Fear               Hex            #.........   28%         4    ###....
 Fulminant Prism          Conj/Hex       #.........   28%         4    ###....
 Iskenderun's Mystic Bla  Conj/Tloc      #.......     28%         4    ###....
 Sticky Flame             Conj/Fire      #.......     28%         4    ###....
 Iron Shot                Conj/Erth      ####......   56%         6    ######.
 Fireball                 Conj/Fire      #.........   61%         5    #####..
 Simulacrum               Ice/Necr       ####......   63%         6    ######.
 Freezing Cloud           Conj/Ice/Air   ###.......   80%         6    ######.
 Invisibility             Hex            #.......     98%         6    ######.
 Starburst                Conj/Fire      #.........   98%         6    ######.
 Ring of Flames           Chrm/Fire      #.........   100%        7    #######
 Shatter                  Erth           ######....   100%        9    #######


Dungeon Overview and Level Annotations

Branches:
Dungeon (12/15)            Temple (1/1) D:6            Lair (6/6) D:8
  Swamp (0/4) Lair:4        Snake (0/4) Lair:3        Slime (0/5) Lair:5
    Orc (1/2) D:9

Altars:
Ashenzari
Cheibriados
Dithmenos
Elyvilon
Fedhas
Gozag
Hepliaklqana
Kikubaaqudgha
Makhleb
Nemelex Xobeh
Okawaru
Qazlal
Ru
Sif Muna
Trog
Uskayaw
Vehumet
Wu Jian
Xom
Yredelemnul
Zin
The Shining One
Beogh
Jiyva

Shops:
D:8 %!:[   D:9 =!   D:10 *   Orc:1 }[

Annotations:
D:9 1 transporter
D:12 Gastronok, Maurice, Rupert
Lair:6 exclusion: oklob plant


Innate Abilities, Weirdness & Mutations

You cannot wear most types of armour.
You are very stealthy in the water. (Stealth+)
You are amphibious.
You can wear up to eight rings at the same time.
You can use your tentacles to constrict eight enemies at once.
Your skin changes colour to match your surroundings (Stealth+).
((Your rubbery body absorbs attacks. (AC +1, EV +1)))


Message History

Press: ? - help, Shift-Dir - straight line, f - ettin
Aim: an ettin, wielding two +0 dire flails (moderately wounded)
You freeze the ettin.
The ettin is heavily wounded.
The wall freezes the ettin.
The ettin hits you with a +0 dire flail!
* * * LOW HITPOINT WARNING * * *
The ettin misses you.
Casting: Freeze (safe; 1% risk of failure)
Confirm with . or Enter, or press ? or * to list all spells.
Aiming: Freeze (safe; 1% risk of failure)
Press: ? - help, Shift-Dir - straight line, f/p - ettin
Aim: an ettin, wielding two +0 dire flails (heavily wounded)
You freeze the ettin.
The ettin is severely wounded.
The wall freezes the ettin!
The ettin hits you with a +0 dire flail!!
* * * LOW HITPOINT WARNING * * *
The ettin hits you with a +0 dire flail!
You die...

.## ..## ##..
....$.# ...
∩.#..##.. ##.$.
....#.. #....
.....## ....#
.....##
....####C....#
##∩..#.)8#
#....#))## .
#......# ..
...##....###...
#.#.......#
##........#
#..<....##
##.##.....# #.#
#^....


You could see an ettin.

Vanquished Creatures
  A hydra (Lair:2)
  3 catoblepae
  4 death yaks (Lair:6)
  2 unseen horrors
  2 ugly things (D:11)
  A manticore (D:11)
  3 centaur zombies
  8 elephants
  5 black mambas
  8 spiny frogs
  2 rime drakes
  5 komodo dragons
  4 trolls
  A queen bee (D:10)
  8 blink frogs
  7 hippogriffs
  A hornet (D:12)
  A shadow (D:11)
  A vampire (D:12)
  3 wyverns
  A human (D:8)
  46 yaks
  A basilisk (Lair:2)
  3 vampire mosquitoes (D:12)
  4 nagas (Lair:3)
  7 water moccasins
  2 porcupines
  3 ice beasts
  2 black bears
  11 orc warriors
  2 phantoms
  A sky beast (D:10)
  An eye of draining (D:11)
  A necrophage (D:8)
  9 ogres
  6 wolves
  9 centaurs
  6 crocodiles
  8 big kobolds
  11 bullfrogs
  4 gnoll sergeants
  2 scorpions
  A wyvern skeleton (D:9)
  33 killer bees
  3 nameless horrors
  6 wights
  4 howler monkeys
  2 electric eels
  5 crimson imps
  7 jellies
  5 hounds
  8 orc priests
  10 orc wizards
  5 bullfrog skeletons
  2 gnoll shamans (D:7)
  2 worker ants
  Jessica (D:3)
  3 centaur skeletons
  5 iguanas
  Terence (D:2)
  2 hound zombies
  A worker ant zombie (D:5)
  Robin (D:3)
  20 gnolls
  12 adders
  3 shadow imps
  An ooze (D:4)
  An adder skeleton (D:6)
  2 adder zombies
  4 worms
  3 dart slugs
  2 leopard geckos
  71 orcs
  4 ball pythons
  3 giant cockroaches
  12 goblins
  11 hobgoblins
  14 jackals
  7 kobolds
  5 quokkas
  9 bats
  10 frilled lizards
  A jackal skeleton (D:4)
  7 rats
  3 fungi
522 creatures vanquished.

Vanquished Creatures (collateral kills)
  4 hydras
  A death yak (Lair:6)
  A catoblepas (Lair:6)
  Urug (Lair:2)
  Nergalle (D:11)
  2 manticores (Lair:6)
  3 elephants
  4 blink frogs
  A hippogriff (Lair:5)
  A yak (Lair:6)
  A basilisk (Lair:3)
  A vampire mosquito (D:12)
  An acid dragon (D:11)
  3 wolves (Lair:4)
  A bullfrog (D:12)
  A killer bee (D:11)
  A crimson imp (D:12)
  A fungus (Lair:4)
29 creatures vanquished.

Vanquished Creatures (others)
  A bush (Lair:3)
  11 fungi
  16 plants
28 creatures vanquished.

Grand Total: 579 creatures vanquished

Notes
Turn   | Place    | Note
-------+----------+-------------------------------------------
     0 | D:1      | Kagalorn the Octopode Ice Elementalist began the quest for
                  | the Orb.
     0 | D:1      | Reached XP level 1. HP: 11/11 MP: 3/3
   256 | D:1      | Reached XP level 2. HP: 17/17 MP: 1/5
   917 | D:2      | Reached XP level 3. HP: 21/21 MP: 3/6
  1245 | D:2      | Reached XP level 4. HP: 27/27 MP: 0/7
  1388 | D:2      | Noticed Terence
  1410 | D:2      | Killed Terence
  1410 | D:2      | Reached skill level 5 in Ice Magic
  1793 | D:2      | Learned a level 3 spell: Frozen Ramparts
  2089 | D:3      | Reached XP level 5. HP: 31/31 MP: 6/8
  2280 | D:3      | Noticed Robin
  2315 | D:3      | HP: 1/31 [goblin/stone[Robin] (3)]
  2623 | D:3      | Killed Robin
  2623 | D:3      | Reached skill level 1 in Shields
  2806 | D:3      | Noticed Jessica
  2819 | D:3      | Killed Jessica
  2877 | D:3      | Reached XP level 6. HP: 36/36 MP: 6/9
  3395 | D:4      | Reached skill level 5 in Stealth
  4011 | D:5      | Entered Level 5 of the Dungeon
  4027 | D:5      | Noticed an ice beast
  4061 | D:5      | Killed an ice beast
  4061 | D:5      | Reached XP level 7. HP: 18/41 MP: 10/10
  4598 | D:5      | Found a bloodstained altar of Trog.
  4771 | D:5      | Reached XP level 8. HP: 43/46 MP: 1/11
  6119 | D:6      | Found a staircase to the Ecumenical Temple.
  6125 | Temple   | Entered the Ecumenical Temple
  6221 | Temple   | Became a worshipper of Sif Muna the Loreminder
  6412 | D:6      | Found a bloodstained altar of Trog.
  6412 | D:6      | Found a white marble altar of Elyvilon.
  6569 | D:7      | Reached skill level 5 in Dodging
  6573 | D:7      | Reached skill level 1 in Invocations
  6683 | D:7      | Learned a level 4 spell: Summon Ice Beast
  6735 | D:7      | Reached skill level 2 in Invocations
  6885 | D:7      | Reached skill level 1 in Summonings
  6885 | D:7      | Reached XP level 9. HP: 50/51 MP: 7/12
  7342 | D:7      | Found a shadowy altar of Dithmenos.
  7343 | D:7      | Found an ornate altar of the Wu Jian Council.
  7344 | D:7      | Found a stormy altar of Qazlal.
  7344 | D:7      | Found a shattered altar of Ashenzari.
  7344 | D:7      | Found a glowing golden altar of the Shining One.
  7345 | D:7      | Found an iron altar of Okawaru.
  7455 | D:7      | Reached * piety under Sif Muna
  7501 | D:7      | Reached skill level 3 in Invocations
  7877 | D:7      | Reached skill level 4 in Invocations
  8491 | D:8      | Found a staircase to the Lair.
  8554 | D:8      | Found Puxte's Armour Boutique.
  8617 | D:8      | Reached XP level 10. HP: 49/56 MP: 13/13
  8687 | D:8      | Found Zukota's Food Shoppe.
  8800 | D:8      | Found Fekiedis's Distillery.
  8806 | D:8      | Bought a potion of resistance for 150 gold pieces
  8806 | D:8      | Bought a potion of brilliance for 60 gold pieces
  8806 | D:8      | Bought a potion of lignification for 45 gold pieces
  8852 | D:8      | Found Voeros's Book Shoppe.
  8923 | D:8      | Reached skill level 5 in Invocations
  9155 | D:9      | Reached skill level 10 in Stealth
  9221 | D:9      | Found Humeuxumue's Jewellery Emporium.
  9235 | D:9      | Reached ** piety under Sif Muna
  9501 | D:9      | Noticed a centaur warrior
  9578 | D:9      | Found a staircase to the Orcish Mines.
  9585 | D:9      | Reached skill level 5 in Summonings
  9592 | D:9      | Reached skill level 6 in Invocations
  9828 | D:9      | Found a transporter.
  9957 | D:9      | Found Jesames's Distillery.
  9960 | D:9      | Bought a potion of degeneration for 13 gold pieces
  9960 | D:9      | Bought a potion of magic for 104 gold pieces
 10206 | D:9      | Reached skill level 7 in Invocations
 10557 | D:9      | Found a roughly hewn altar of Beogh.
 10562 | D:9      | Reached *** piety under Sif Muna
 10823 | D:10     | Entered Level 10 of the Dungeon
 10831 | D:10     | Reached skill level 1 in Axes
 11110 | D:10     | Got an ancient war axe
 11147 | D:10     | Found Cuach's Assorted Antiques.
 11150 | D:10     | Bought a scroll labeled ACAVOT GE EPH for 36 gold pieces
 11150 | D:10     | Bought a scroll labeled PAYSUQEWIH for 36 gold pieces
 11150 | D:10     | Bought a scroll labeled WEMIH RAOROO for 36 gold pieces
 11209 | D:10     | Learned a level 1 spell: Summon Butterflies
 11236 | D:10     | Reached XP level 11. HP: 61/61 MP: 11/16
 11239 | D:10     | Reached **** piety under Sif Muna
 11327 | D:10     | Reached skill level 8 in Invocations
 11934 | Lair:1   | Entered Level 1 of the Lair of Beasts
 12047 | Lair:1   | Noticed a six-headed hydra
 12063 | Lair:1   | Killed a six-headed hydra
 12071 | Lair:1   | Noticed a seven-headed hydra
 12329 | Lair:1   | Killed a seven-headed hydra
 12425 | Lair:1   | Identified the +3 war axe "Worm's Wrath" {vorpal, Str+2}
                  | (You found it on level 10 of the Dungeon)
 12881 | Lair:1   | Noticed a six-headed hydra
 12900 | Lair:1   | Killed a seven-headed hydra
 13561 | Lair:2   | Reached skill level 5 in Axes
 13678 | Lair:2   | Noticed a four-headed hydra
 13703 | Lair:2   | Killed a four-headed hydra
 13798 | Lair:2   | Noticed a five-headed hydra
 13872 | Lair:2   | Killed a five-headed hydra
 14148 | Lair:2   | Reached skill level 9 in Invocations
 14156 | Lair:2   | Reached XP level 12. HP: 50/66 MP: 10/18
 14366 | Lair:2   | Learned a level 6 spell: Statue Form
 14453 | Lair:2   | Reached skill level 1 in Earth Magic
 14535 | Lair:2   | Reached skill level 1 in Transmutations
 14896 | Lair:2   | Noticed Urug
 14931 | Lair:2   | Killed Urug
 15977 | Lair:3   | Found a staircase to the Snake Pit.
 16001 | Lair:3   | Reached skill level 10 in Dodging
 16345 | Lair:3   | You fall into a shaft and drop 2 floors!
 16706 | Lair:3   | Reached skill level 5 in Spellcasting
 17517 | Lair:4   | Found a staircase to the Swamp.
 18347 | Lair:4   | Reached skill level 10 in Invocations
 18782 | Lair:5   | Noticed a catoblepas
 18820 | Lair:5   | Killed a catoblepas
 19081 | Lair:5   | Reached XP level 13. HP: 71/71 MP: 19/21
 19281 | Lair:5   | Reached XP level 14. HP: 47/76 MP: 4/22
 19336 | Lair:5   | Reached ***** piety under Sif Muna
 19336 | Lair:5   | Identified Sif Muna's Reference Book on the Harmful Blaze
                  | (Sif Muna gifted it to you on level 5 of the Lair of
                  | Beasts)
 19336 | Lair:5   | Received a gift from Sif Muna
 19757 | Lair:5   | Learned a level 4 spell: Petrify
 20209 | Lair:5   | Found a viscous altar of Jiyva.
 20210 | Lair:5   | Found a staircase to the Slime Pits.
 20474 | Lair:6   | Entered Level 6 of the Lair of Beasts
 21062 | Lair:6   | Found a sacrificial altar of Ru.
 21081 | Lair:6   | Got a translucent dagger
 24125 | Lair:6   | Identified Kusal's Disquisition on Cold and the Arsonist
 24763 | D:11     | Noticed Nergalle
 24812 | D:11     | Killed Nergalle
 25334 | D:11     | Received a gift from Sif Muna
 26036 | D:11     | Identified the +5 dagger of Outrage {pain, rF+ Stlth+} (You
                  | found it on level 6 of the Lair of Beasts)
 26699 | D:12     | Paralysed by a hornet for 2 turns
 26701 | D:12     | Reached skill level 11 in Invocations
 26895 | D:12     | Found a stormy altar of Qazlal.
 27921 | D:12     | Reached XP level 15. HP: 69/81 MP: 14/25
 28048 | D:12     | Noticed Maurice
 28080 | D:12     | Noticed Rupert
 28093 | D:12     | Noticed Gastronok
 28222 | Orc:1    | Entered Level 1 of the Orcish Mines
 28222 | Orc:1    | Found Zyl Lipt's Gadget Emporium.
 28252 | Orc:1    | Found Ygekkag's Armour Shop.
 28260 | Orc:1    | HP: 5/105 [ettin/+0 dire flail (20)]
 28260 | Orc:1    | Mangled by an ettin

Illustrated notes

Levels and vault maps discovered:
D:1:      mrwooster_arrival_statue_2, layout_rooms, minmay_tall_x
D:2:      layout_loops_cross, first_ration, uniq_terence
D:3:      layout_basic, uniq_jessica, uniq_robin
D:4:      layout_loops_ring
D:5:      layout_basic, basic_altar, st_stairs_3
D:6:      layout_gridville, gammafunk_temple_overflow_statue,
          minmay_temple_entry_enclosed_plants
D:7:      kennysheep_seaside_town, layout_loops_ring, grunt_temple_overflow_open
D:8:      layout_rooms, dpeg_oklobed_lair, serial_shops, nicolae_shop_trees,
          kennysheep_mini, nicolae_shop_crystal, shop, serial_corexii_hall,
          corexii_hall_statues_i, corexii_hall_statues_deadend, grunt_pizzeria,
          kennysheep_nondescript, chequers_serial_rivers_micro_e
D:9:      gammafunk_the_bubble [the_bubble_gammafunk_crates], layout_basic,
          kennysheep_orc_monster_closet_entryway, serial_shops, shop_statue,
          nicolae_shop_behind_doors, special_room [special_room_orc]
D:10:     layout_roguey [special_room_bee], serial_shops,
          nicolae_shop_behind_doors
D:11:     layout_basic, minmay_increasing_density, uniq_nergalle
D:12:     minmay_the_grid_triangle_9x9_rhombus_full_mashed
          [minmay_the_grid_triangle_9x9_negative_grid,
          minmay_the_grid_triangle_9x9_intruding_spiral,
          minmay_the_grid_triangle_9x9_semitri,
          minmay_the_grid_triangle_9x9_impossible_snake,
          minmay_the_grid_triangle_9x9_sparse_checkered,
          minmay_the_grid_triangle_9x9_corruption,
          minmay_the_grid_triangle_9x9_fully_insulated_deathbox,
          minmay_the_grid_triangle_9x9_prize_special], layout_basic,
          basic_altar, hex_large, uniq_maurice, uniq_gastronok, uniq_rupert
Temple:   nicolae_temple_great_sept
Lair:1:   layout_gridlike
Lair:2:   layout_cave_pods, uniq_urug
Lair:3:   layout_loops_ring, guppyfry_snake_entry_island
Lair:4:   layout_gridlike, minmay_swamp_entry_worms, grunt_megastairs_2,
          lemuel_fruit_fields
Lair:5:   layout_cave_pods, dpeg_slime_entry_enclosed_altar
Lair:6:   evilmike_catoblepas_cave, layout_regular_city, lemuel_oklob_altar
Orc:1:    layout_diamond_mine, serial_shops, nicolae_shop_waterfront,
          nicolae_shop_stone, shop, nicolae_shop_overgrown_old_shop,
          nicolae_orc_flooded_monolith

Skill      XL: |  1  2  3  4  5  6  7  8  9 10 11 12 13 14 |
---------------+-------------------------------------------+-----
Stealth        | 3 4 5 6 7 9 10 | 10.0
Ice Magic      | 5 6 7 8 |  8.0
Dodging        | 3 4 5 6 8 9 10 | 10.0
Shields        | 1 2 3 4 |  4.0
Invocations    | 2 4 7 9 10 11 | 11.1
Summonings     | 1 4 5 6 |  6.0
Axes           | 1 6 8 9 |  9.6
Spellcasting   | 4 5 7 |  7.0
Earth Magic    | 6 9 |  9.1
Transmutations | 6 9 |  9.1

Action                   |  1- 3 |  4- 6 |  7- 9 | 10-12 | 13-15 || total
-------------------------+-------+-------+-------+-------+-------++-------
Melee: Unarmed           |    10 |       |       |       |       ||    10
       Constrict         |     2 |    10 |    20 |    26 |    17 ||    75
       Dagger            |     6 |     4 |       |       |       ||    10
       Tentacles         |     1 |     7 |    17 |    41 |    46 ||   112
       Flail             |       |    30 |   130 |    73 |       ||   233
       Hand axe          |       |     3 |       |       |       ||     3
       War axe           |       |       |       |   133 |   222 ||   355
       Falchion          |       |       |       |       |    23 ||    23
Throw: Stone             |       |       |     4 |       |       ||     4
 Cast: Freeze            |    45 |    74 |    53 |    93 |    68 ||   333
       Frozen Ramparts   |       |     4 |    44 |    94 |    95 ||   237
       Summon Ice Beast  |       |       |       |    23 |    47 ||    70
       Statue Form       |       |       |       |       |     4 ||     4
       Petrify           |       |       |       |       |     1 ||     1
Evoke: Wand              |       |     1 |       |     1 |     3 ||     5
  Use: Scroll            |       |     9 |     1 |    12 |     7 ||    29
       Potion            |       |     1 |       |     1 |     2 ||     4
 Stab: Sleeping          |     4 |     8 |     9 |     5 |     5 ||    31
       Distracted        |       |       |     1 |     1 |       ||     2
       Petrified         |       |       |       |       |     4 ||     4
  Eat: Chunk             |     2 |    10 |    12 |    20 |    12 ||    56
       Ration            |       |       |     2 |     7 |     7 ||    16
Armor: Skin              |     5 |     6 |    22 |    11 |    38 ||    82
Dodge: Dodged            |    33 |    57 |   140 |   262 |   313 ||   805
Block: Buckler           |       |     8 |    33 |    77 |    83 ||   201
       Rpst.: Falchion   |       |       |       |       |    16 ||    16
